Unix NetHack Version 3.7.0-50 Work-in-progress - last build Feb 18 2022 03:49:16. Game began 2022-02-17 10:03:07, ended 2022-02-18 18:00:34. torpedovariant, chaotic female orcish Ranger -------------------- ..............%%.....| ..........----.----...--- ..........--.......--....| ...%...A..-- ...%....--...------- ----- .....EA....| .........|.........| ----- ...| -...------- ........--------...| |... ---------..-- ----.--- ...).%.- --A---- --..--------- |.......|...-- --..%%... -----)----- ..A...-- --...|.......| |.......|..%.---.%...... ---...%%%...--- .......---..V.|.A@@..@| |..._%.%%[..%.%)....... |.....%%......| .......@@.a&@-...@...| |.......|....---...... |. ----%---- .| .....---.%..|D....@.| |.......|...-- --.... | |...%...| | ...-- --...|.......| ---------..-- |.......| --- --..--------- ...| |..._...| |... ----- |.......| ----- |.......| --------- Torpedovariant the Scout St:25 Dx:16 Co:18 In:16 Wi:16 Ch:10 Chaotic Astral Plane $:0 HP:313(340) Pw:56(56) AC:-37 Exp:15 T:35903 Latest messages: The renegade Angel of Mars swings her long sword at the giant beetle. The renegade Angel of Mars hits the giant beetle. The renegade Angel of Mars hits the giant beetle. The invisible Angel of Venus swings her long sword at the giant beetle. The invisible Angel of Venus hits the giant beetle. The invisible Angel of Venus swings her long sword at the giant beetle. The invisible Angel of Venus hits the giant beetle. The invisible Angel of Venus hits the giant beetle. You hit the giant beetle with the chickatrice corpse. The giant beetle is slowing down. The giant beetle turns to stone. The fire ant bites! The fire ant misses! You see here a statue of a giant beetle. Death moves the invisible Angel of Venus out of the way! "Go play leapfrog with a herd of unicorns!" The Angel of Venus swings his long sword at the giant beetle. The Angel of Venus hits the giant beetle. The giant beetle is killed! The renegade Angel of Mars swings her long sword at the giant beetle. The renegade Angel of Mars hits the giant beetle. The renegade Angel of Mars swings her long sword at the giant beetle. The renegade Angel of Mars hits the giant beetle. The giant beetle is killed! The priestess of Mercury wields a mace! The high priest intones: "Pilgrim, you enter a sacred place!" The Angel of Venus picks up 7 stones. The Angel of Mercury swings her long sword. The Angel of Mercury hits! The Angel of Mercury swings her long sword. The Angel of Mercury hits! The Angel of Mercury hits! The Angel of Mercury casts a spell at you! You are hit by a shower of missiles! The missiles bounce off! The priest of Mercury turns to flee. The priest of Mercury wields a mace! The mace welds itself to the priest of Mercury's hand! Death moves the Angel of Venus out of the way! The gold dragon turns to flee. You hear some noises in the distance. There is a high altar to Mars (chaotic) here. What do you want to sacrifice? [g or ?*] You offer the Amulet of Yendor to Mars... An invisible choir sings, and you are bathed in radiance... The voice of Mars booms: "Mortal, thou hast done well!" "In return for thy service, I grant thee the gift of Immortality!" You ascend to the status of Demigoddess... Do you want your possessions identified? [ynq] (y) Major events: Turn 1: torpedovariant the chaotic female orcish Ranger entered the dungeon 11: hit with a wielded weapon for the first time 11: killed for the first time 76: entered new level 2, The Dungeons of Doom 237: entered a shop 504: ate for the first time - newt corpse 504: consumed animal products for the first time, by eating a newt corpse 756: entered new level 3, The Dungeons of Doom 916: entered new level 4, The Dungeons of Doom 1007: became literate by reading the fortune inside a cookie 1115: gained experience level 2 1553: entered new level 5, The Dungeons of Doom 1696: attained the rank of Lookout (level 3) 1741: entered new level 1, The Gnomish Mines 1741: entered the Gnomish Mines 1969: entered new level 6, The Dungeons of Doom 2455: gained experience level 4 2676: gained experience level 5 3386: entered new level 2, The Gnomish Mines 3612: entered new level 3, The Gnomish Mines 3820: attained the rank of Trailblazer (level 6) 4212: entered new level 4, The Gnomish Mines 4248: reached Mine Town 4335: gained experience level 7 4628: rejected atheism with a prayer 4655: gained experience level 8 5112: had Stormbringer bestowed upon her by Mars 5167: entered new level 5, The Gnomish Mines 5335: had Trollsbane bestowed upon her by Mars 6943: entered new level 7, The Dungeons of Doom 7960: entered new level 8, The Dungeons of Doom 8173: entered new level 9, The Dungeons of Doom 8532: entered new level 10, The Dungeons of Doom 8532: entered the Bigroom 8538: gained experience level 9 8805: entered new level 11, The Dungeons of Doom 9315: entered new level 4, Sokoban 9315: entered Sokoban 9543: entered new level 3, Sokoban 9997: entered new level 2, Sokoban 10358: entered new level 1, Sokoban 11498: attained the rank of Reconnoiteress (level 10) 11582: completed Sokoban 11961: had Dragonbane bestowed upon her by Mars 12000: gained experience level 11 13005: entered new level 6, The Gnomish Mines 13802: entered new level 7, The Gnomish Mines 13826: changed form for the first time, becoming a master mind flayer 13968: entered new level 8, The Gnomish Mines 14153: had Fire Brand bestowed upon her by Mars 15073: acquired the Mines' End luckstone 16404: entered new level 12, The Dungeons of Doom 16674: entered new level 13, The Dungeons of Doom 17263: entered new level 14, The Dungeons of Doom 18070: entered new level 15, The Dungeons of Doom 18367: entered new level 1, The Quest 18623: entered new level 16, The Dungeons of Doom 18707: entered new level 17, The Dungeons of Doom 20104: entered new level 18, The Dungeons of Doom 20470: gained experience level 12 20539: entered new level 19, The Dungeons of Doom 20920: entered new level 20, The Dungeons of Doom 20945: entered new level 22, The Dungeons of Doom 20978: entered new level 23, The Dungeons of Doom 21139: entered new level 21, The Dungeons of Doom 21804: entered new level 24, The Dungeons of Doom 21976: entered new level 25, The Dungeons of Doom 22302: entered new level 26, The Dungeons of Doom 23570: entered new level 27, The Dungeons of Doom 23604: entered new level 28, The Dungeons of Doom 24487: gained experience level 13 24654: made her first wish - "blessed greased +2 gray dragon scale mail" 25016: killed Medusa 27241: wished for "blessed fixed greased +2 boots of speed" 27771: wished for "blessed ring of free action" 28174: attained the rank of Scout (level 14) 28455: entered new level 2, The Quest 28555: entered new level 3, The Quest 28654: entered new level 4, The Quest 28757: entered new level 5, The Quest 28816: killed Scorpius 28820: acquired the Bell of Opening 29687: wished for "blessed fixed ring of levitation" 29761: entered new level 1, Gehennom 29761: entered Gehennom 29800: performed her first genocide (class L) 30371: entered a temple 30611: entered new level 2, Gehennom 30638: entered new level 3, Gehennom 30696: bribed Asmodeus with 1 zorkmid for safe passage 31145: entered new level 4, Gehennom 31167: entered new level 5, Gehennom 31318: entered new level 6, Gehennom 31413: killed Juiblex 31483: entered new level 7, Gehennom 31523: entered new level 8, Gehennom 31768: bribed Baalzebub with 1 zorkmid for safe passage 31786: entered new level 9, Gehennom 31860: entered new level 10, Gehennom 32080: killed Orcus 32140: entered new level 11, Gehennom 32154: entered new level 12, Gehennom 32210: entered new level 3, Vlad's Tower 32303: entered new level 2, Vlad's Tower 32436: entered new level 1, Vlad's Tower 32503: destroyed Vlad the Impaler 32505: acquired the Candelabrum of Invocation 32852: entered new level 13, Gehennom 32999: entered new level 14, Gehennom 33033: entered new level 15, Gehennom 33063: entered new level 16, Gehennom 33074: entered new level 17, Gehennom 33441: entered new level 18, Gehennom 33457: entered new level 19, Gehennom 33484: entered new level 20, Gehennom 33853: gained experience level 15 34036: killed the Wizard of Yendor 34049: acquired the Book of the Dead 34101: performed the invocation 34102: entered new level 21, Gehennom 34289: killed the high priestess of Moloch 34304: acquired The Amulet of Yendor 35516: entered new level 5, The Elemental Planes 35516: entered the Planes 35543: killed the Wizard of Yendor (5 times) 35615: entered new level 4, The Elemental Planes 35679: entered new level 3, The Elemental Planes 35693: entered new level 2, The Elemental Planes 35697: genocided class ; 35751: entered new level 1, The Elemental Planes 35751: entered the Astral Plane 35769: killed Famine 35830: killed Pestilence 35878: wished for "blessed chickatrice corpse" 35886: killed Death Inventory: Amulets Y - an uncursed amulet of life saving (being worn) Weapons a - the blessed rustproof +6 Stormbringer Armor A - an uncursed +2 Hawaiian shirt with an orchid motif named "orchids on an orange background" (being worn) B - an uncursed greased +3 gray dragon scale mail (being worn) C - a cursed greased fireproof +4 cloak of protection (being worn) D - a blessed greased fireproof +4 pair of speed boots (being worn) E - an uncursed rustproof +3 pair of gauntlets of power (being worn) F - an uncursed greased +1 dwarvish iron helm (being worn) G - an uncursed +4 shield of reflection (being worn) Comestibles J - a blessed chickatrice corpse (wielded) L - an uncursed lizard corpse named KFC Spellbooks O - the uncursed Book of the Dead Rings h - a blessed ring of free action (on left hand) y - a blessed ring of conflict (on right hand) P - an uncursed ring of levitation Wands f - an uncursed wand of teleportation (0:3) s - a cursed wand of teleportation named empty (0:0) z - an uncursed wand of digging (0:5) N - a blessed wand of death (1:3) Q - an uncursed wand of death (1:6) Tools b - a blessed greased bag of holding containing 110 items i - the uncursed Bell of Opening (0:0) k - an uncursed skeleton key t - an uncursed towel u - a blessed +0 unicorn horn named L; v - a blessed magic lamp (lit) W - a cursed magic marker (0:1) Z - the cursed Candelabrum of Invocation (0 of 7 candles attached) Gems/Stones x - a blessed luckstone Contents of the bag of holding: an uncursed amulet of reflection the blessed +0 Longbow of Diana 8 blessed +7 elven daggers the uncursed rustproof +0 Fire Brand an uncursed +0 pair of jumping boots an uncursed +0 pair of levitation boots an uncursed +0 pair of water walking boots an uncursed +0 mummy wrapping 10 uncursed food rations 9 uncursed scrolls of blank paper a cursed scroll of blank paper a cursed scroll of create monster 3 uncursed scrolls of earth an uncursed scroll of enchant weapon 3 uncursed scrolls of fire an uncursed scroll of gold detection a cursed scroll of identify a blessed scroll of light an uncursed scroll of magic mapping 6 blessed scrolls of remove curse an uncursed scroll of remove curse an uncursed scroll of remove curse an uncursed scroll of taming a cursed scroll of teleportation a blessed diluted potion of extra healing a blessed diluted potion of full healing an uncursed potion of healing 2 uncursed potions of levitation 3 uncursed potions of paralysis 13 potions of holy water 2 potions of unholy water an uncursed ring of conflict an uncursed ring of conflict an uncursed ring of polymorph an uncursed ring of polymorph control an uncursed ring of polymorph control an uncursed ring of regeneration an uncursed ring of slow digestion a blessed ring of teleport control an uncursed ring of teleport control a blessed wand of cold (0:4) an uncursed wand of cold (0:0) an uncursed wand of death (0:4) an uncursed wand of digging (0:8) an uncursed wand of digging (0:4) an uncursed wand of digging (0:7) an uncursed wand of digging (0:4) an uncursed wand of digging (0:8) an uncursed wand of fire (0:6) an uncursed wand of fire (0:7) an uncursed wand of fire (0:2) an uncursed wand of fire (0:2) an uncursed wand of fire (0:7) an uncursed wand of fire (0:6) an uncursed wand of light (0:9) an uncursed wand of light (0:14) an uncursed wand of lightning (0:4) an uncursed wand of lightning (0:0) an uncursed wand of lightning (0:0) an uncursed wand of magic missile (0:4) an uncursed wand of magic missile (0:4) an uncursed wand of magic missile (0:3) an uncursed wand of magic missile (0:2) an uncursed wand of magic missile (0:1) an uncursed wand of magic missile (0:4) an uncursed wand of magic missile (0:8) an uncursed wand of magic missile (0:0) an uncursed wand of magic missile (0:2) an uncursed wand of magic missile (0:4) an uncursed wand of magic missile (0:5) an uncursed wand of magic missile (0:5) an uncursed wand of magic missile (0:5) an uncursed wand of magic missile (0:3) an uncursed wand of polymorph (0:8) an uncursed wand of polymorph (0:7) an uncursed wand of secret door detection (0:13) an uncursed wand of secret door detection (0:12) an uncursed wand of sleep (0:5) an uncursed wand of speed monster (0:4) an uncursed wand of striking (0:6) an uncursed wand of striking (0:0) an uncursed wand of striking (0:4) an uncursed wand of striking (0:5) an uncursed wand of striking (0:2) an uncursed wand of teleportation (0:4) an uncursed wand of teleportation (0:3) an uncursed wand of teleportation (0:0) an uncursed wand of wishing (1:0) an uncursed bugle an uncursed can of grease (0:14) an uncursed +7 pick-axe an uncursed tallow candle an uncursed partly used tallow candle 4 uncursed partly used tallow candles an uncursed agate stone 2 uncursed amethyst stones 5 uncursed aquamarine stones an uncursed black opal 4 uncursed citrine stones 2 uncursed diamonds an uncursed fluorite stone 5 uncursed garnet stones 4 uncursed jasper stones an uncursed jet stone 12 uncursed obsidian stones an uncursed opal 3 uncursed rubies 4 uncursed topaz stones 2 uncursed luckstones a blessed touchstone Torpedovariant the Ranger's attributes: Background: You were a Scout, a level 15 female orcish Ranger. You were chaotic, on a mission for Mars who was opposed by Mercury (lawful) and Venus (neutral). You were in the endgame, on the Astral Plane. You entered the dungeon 35903 turns ago. There was a full moon in effect when your adventure ended. You had 212128 experience points, 107872 more were needed to attain level 16. Basics: You had 313 out of 340 hit points. You had all 56 energy points (spell power). Your armor class was -37. Your wallet was empty. Autopickup was off. Final Characteristics: Your strength was 25 (base:18/13, innate limit:18/50). Your dexterity was 16 (peak:17, limit:18). Your constitution was 18 (limit:18). Your intelligence was 16 (limit:16). Your wisdom was 16 (limit:16). Your charisma was 10 (limit:16). Final Status: You were not hungry. You were unencumbered. You were wielding a corpse. Final Attributes: You were piously aligned. You were magic-protected. You were fire resistant. You were cold resistant. You were sleep resistant. You were disintegration-resistant. You were shock resistant. You were poison resistant. You saw invisible. You were telepathic. You had automatic searching. You had infravision. You were invisible to others. You were stealthy. You caused conflict. You could teleport. You had teleport control. You had a moderate defense bonus (+8). You were protected. You were very fast. You had reflection. You had free action. Your life would have been saved. You were very lucky. You had extra luck. Good luck did not time out for you. You survived. Miscellaneous: You never encountered a bones level. Total elapsed playing time was 5 hours, 4 minutes and 43 seconds. Vanquished creatures: Orcus Juiblex the Wizard of Yendor (5 times) Death Pestilence (twice) Famine (thrice) Vlad the Impaler an arch-lich a high cleric Medusa 14 krakens 2 iron golems a titan a glass golem a balrog 4 purple worms a gold dragon a silver dragon 3 white dragons 3 black dragons 4 green dragons 16 minotaurs a jabberwock Scorpius a baluchitherium 10 Angels 4 stone golems a master mind flayer 11 Olog-hai 2 Nazgul a pit fiend 2 hell hounds 5 titanotheres a trapper 2 guardian nagas a genetic engineer 2 disenchanters 23 vampire leaders 3 skeletons 16 aligned clerics 2 captains 3 shades 2 liches 3 clay golems 4 nurses 3 ice devils a nalfeshnee an Aleax an ettin 2 golden nagas 23 vampires 11 lieutenants 29 ghosts 2 winged gargoyles 2 mind flayers 8 giant mimics 4 long worms 6 zruties 3 fire giants 2 ogre tyrants 2 ice trolls 3 rock trolls 8 umber hulks 6 elven monarchs a doppelganger 3 hezrous 2 bone devils 6 large mimics 4 wumpuses a fire vortex 4 couatls 9 stalkers 2 air elementals 2 fire elementals 2 earth elementals 3 water elementals 4 hill giants 7 giant mummies 2 black nagas 9 xorns 8 giant zombies 9 elf-nobles 8 sergeants 2 barbed devils 9 vrocks a salamander 10 wargs a winter wolf 7 hell hound pups 14 small mimics 2 glass piercers 4 warhorses a steam vortex 10 xans an ettin mummy 5 ogre leaders 12 trolls a wood golem 2 erinyes 4 mariliths 6 sharks 9 electric eels 4 gelatinous cubes a pyrolisk 3 freezing spheres 5 flaming spheres 2 shocking spheres 3 large cats 6 tigers a gargoyle 6 tengu 2 ochre jellies 3 leocrottas 2 energy vortices 25 mountain centaurs 6 stone giants 5 elf mummies 3 human mummies 3 green slimes 2 pythons 2 pit vipers 7 cobras 39 wraiths 3 carnivorous apes 10 ettin zombies a leather golem 11 Grey-elves 39 soldiers 2 amorous demons 9 horned devils 10 chameleons a crocodile 28 giant beetles 2 quivering blobs 13 cockatrices 8 wolves 7 winter wolf cubs 2 lynxes a panther 43 gremlins 2 spotted jellies 36 leprechauns 6 orc-captains 4 iron piercers 5 giant spiders 18 scorpions 5 horses 2 black lights 4 vampire bats 43 forest centaurs 3 gnome rulers 5 orc mummies 6 dwarf mummies 3 ogres 9 brown puddings 5 rust monsters 5 owlbears 4 yetis 4 werewolves 6 Green-elves 6 piranha 16 giant eels 3 lizards 7 chickatrices 2 dogs 2 housecats 3 jaguars 3 blue jellies 2 white unicorns 3 gray unicorns 3 dust vortices 3 ravens 12 plains centaurs 5 gnome mummies a snake 6 apes 17 human zombies 2 rope golems 7 Woodland-elves 20 soldier ants 10 fire ants 9 bugbears 3 lemures 3 quasits 4 wood nymphs 6 water nymphs 9 mountain nymphs 4 Mordor orcs 4 Uruk-hai 11 orc shamans 9 rock piercers 5 rock moles 4 ponies 3 fog clouds 10 yellow lights 3 shriekers 2 violet fungi 17 gnome leaders 7 gnomish wizards 2 kobold mummies a guardian naga hatchling 8 gray oozes 7 barrow wights 24 elf zombies 14 ghouls 2 straw golems 6 jellyfish 62 giant ants a little dog 5 floating eyes 3 kittens 25 dwarves 3 kobold leaders 3 kobold shamans 18 hill orcs 6 rothes 5 rabid rats a centipede 9 giant bats 11 orc zombies 15 dwarf zombies 3 wererats 11 iguanas 52 killer bees 4 acid blobs 4 coyotes 10 hobbits 3 manes 2 large kobolds 14 hobgoblins 3 orcs 20 giant rats 11 cave spiders 2 brown molds 3 yellow molds 3 green molds 2 red molds 68 gnomes 15 gnome zombies 11 geckos 15 jackals a fox 3 kobolds 8 goblins 4 sewer rats 6 grid bugs 8 lichens 15 kobold zombies 10 newts 1756 creatures vanquished. Genocided or extinct species: liches demiliches master liches arch-liches erinyes (extinct) jellyfish piranha sharks giant eels electric eels krakens 10 species genocided. 1 species extinct. Voluntary challenges: You read items or engraved 112 times. You engraved Elbereth 2 times. You genocided 10 types of monsters. You never polymorphed an object. You used 5 wishes. You did not wish for any artifacts. You did not violate any of the special Sokoban rules. Achievements: You entered a shop. You attained the rank of Lookout. You entered the Gnomish Mines. You attained the rank of Trailblazer. You entered Minetown. You entered the Big Room. You entered Sokoban. You attained the rank of Reconnoiteress. You completed Sokoban. You completed the Gnomish Mines. You defeated Medusa. You attained the rank of Scout. You had the Bell of Opening. You entered Gehennom. You entered a temple. You had the Candelabrum of Invocation. You had the Book of the Dead. You gained access to Moloch's Sanctum. You reached the Elemental Planes. You reached the Astral Plane. You delivered the Amulet of Yendor. You ascended! The Elemental Planes: Astral Plane: <- You are here. Many temples. Plane of Water: Plane of Fire: Plane of Air: Plane of Earth: The Dungeons of Doom: levels 1 to 28 Level 1: One way stairs up to The Elemental Planes. Level 2: "=oTC, =oCoflict store" A jewelers. Level 3: "pick axe store" A general store, a sink. Level 4: Stairs down to The Gnomish Mines. Level 5: "grease, EW, EA/RC in shop" A general store. Level 6: An altar to Mars, a grave. Level 7: "stash chest <" A grave. Level 8: A fountain. Level 9: Many fountains. Oracle of Delphi. Level 10: A very big room. Stairs up to Sokoban, level 9. Level 11: Level 12: Level 13: A fountain. Level 14: Level 15: An altar to Mars, a fountain. Portal to The Quest. Level 16: Level 17: A primitive area. Level 18: Many graves. Level 19: Level 20: Level 21: An altar to Mars. Level 22: "uni, $ chest" A sink. Level 23: A grave. Level 24: A grave. Level 25: A general store. Level 26: Level 27: Level 28: A fountain. The castle (play notes "EEDGF" to open or close drawbridge). Connection to Gehennom. Gehennom: levels 29 to 49 Level 29: A temple, many graves. Valley of the Dead. Level 30: Level 31: Level 32: Level 33: Level 34: Some fountains. Level 35: Level 36: Level 37: Level 38: Some shops, an altar, many graves. Level 39: Level 40: Stairs up to Vlad's Tower, level 39. Level 41: Level 42: Level 43: Level 44: Level 45: Level 46: Level 47: Level 48: Level 49: A temple, many graves. Moloch's Sanctum. The Gnomish Mines: levels 5 to 12 Level 5: "stash >" Level 6: Level 7: Level 8: An altar to Mars. Level 9: Level 10: Level 11: Level 12: The Quest: levels 1 to 5 Level 1: Many trees. Completed quest for Orion. Level 2: Many trees. Level 3: Level 4: Level 5: Sokoban: levels 9 up to 6 Level 6: "unihorn floor" Solved. Level 7: Solved. Level 8: Solved. Level 9: Solved. Vlad's Tower: levels 39 up to 37 Level 37: Level 38: Level 39: Goodbye torpedovariant the Demigoddess... You went to your reward with 1593134 points, Stormbringer (worth 8000 zorkmids and 20000 points) The Longbow of Diana (worth 4000 zorkmids and 10000 points) Fire Brand (worth 3000 zorkmids and 7500 points) The Bell of Opening (worth 5000 zorkmids and 12500 points) The Book of the Dead (worth 10000 zorkmids and 25000 points) The Candelabrum of Invocation (worth 5000 zorkmids and 12500 points) and 0 pieces of gold, after 35903 moves. You were level 15 with a maximum of 340 hit points when you ascended.